AoeStats
← XxX

Arena

509949889Analyzed
4v4 RM · 3d ago on Sep 28, 2026· 55m 5s· 8 players
Game mode
Random Map
Map size
Large (8 player)
Population
200
Speed
Normal
Resources
Standard
Victory
Conquest
Starting age
Dark Age
Ending age
Imperial Age
RankedLock teamsTeams togetherTeam positionsShared explorationLock speedFull tech treeHidden civsTurbo modeCheats
Victory
Defeat
🇹🇷 Bulgarians · Türkiye
962
+9
🇹🇷 Persians · Türkiye
939
+10
🇹🇷 Koreans · Türkiye
912
+11
🇹🇷 Spanish · Türkiye
806
+14
🇧🇷 Khmer · Brazil
869
-14
788
-11
🇫🇷 Britons · France
769
-10
🇵🇪 Ethiopians · Peru
737
-9
TUNG TUNG TUNG TUNG TUNG SAHUR
8:27 Loom
10:56 Feudal Age
11:27 Horse Collar
11:34 Double-Bit Axe
12:45 Wheelbarrow
17:58 Scale Barding Armor
17:53 Scale Mail Armor
21:22 Castle Age
21:17 Stone Mining
21:18 Gold Mining
21:49 Bloodlines
22:28 Bow Saw
22:21 Heavy Plow
22:37 Husbandry
27:31 Hand Cart
28:13 Town Watch
44:25 Caravan
it_s_now
11:05 Feudal Age
13:24 Double-Bit Axe
15:54 Castle Age
17:41 Wheelbarrow
17:33 Bow Saw
21:11 Stone Mining
21:13 Gold Mining
25:06 Hand Cart
25:00 Pikeman
33:14 Imperial Age
31:12 Husbandry
31:21 Town Watch
31:21 Loom
32:00 Caravan
32:14 Scale Barding Armor
32:19 Forging
33:56 Chain Barding Armor
33:54 Squires
33:18 Cavalier
35:01 Gold Shaft Mining
35:23 Iron Casting
35:24 Plate Barding Armor
35:48 Halberdier
36:35 Scale Mail Armor
38:36 Conscription
38:37 Capped Ram
39:21 Elite Longbowman
40:34 Fletching
41:44 Blast Furnace
40:45 Padded Archer Armor
41:02 Chain Mail Armor
42:44 Town Patrol
44:07 Two-Man Saw
45:20 Yeomen
44:25 Elite Skirmisher
48:43 Bodkin Arrow
49:04 Leather Archer Armor
49:19 Plate Mail Armor
49:39 Bracer
51:14 Fortified Wall
GEDIAN
0:40 Loom
14:47 Feudal Age
15:24 Horse Collar
17:38 Scale Mail Armor
20:28 Man-at-Arms
26:35 Castle Age
27:41 Squires
27:58 Heavy Plow
27:47 Double-Bit Axe
28:25 Chain Mail Armor
29:01 Fletching
31:13 Murder Holes
35:03 Ballistics
36:12 Wheelbarrow
37:06 Bodkin Arrow
37:14 Caravan
41:39 Imperial Age
39:51 Bow Saw
39:53 Forging
40:04 Hand Cart
40:37 Gold Mining
41:29 Iron Casting
42:27 Fortified Wall
42:13 Halberdier
44:19 Plate Mail Armor
45:11 Gold Shaft Mining
45:46 Chemistry
44:56 Heated Shot
45:35 Siege Engineers
49:33 Bracer
Paxxto
10:34 Feudal Age
14:33 Castle Age
18:56 Double-Bit Axe
19:03 Horse Collar
20:55 Gold Mining
22:57 Loom
23:35 Stone Mining
26:42 Wheelbarrow
27:12 Bloodlines
29:53 Gold Shaft Mining
29:43 Scale Barding Armor
29:49 Forging
29:40 Padded Archer Armor
29:30 Fletching
30:05 Tusk Swords
33:39 Stone Shaft Mining
33:20 Bow Saw
33:13 Heavy Plow
35:37 Leather Archer Armor
35:18 Bodkin Arrow
36:58 Ballistics
40:18 Imperial Age
38:04 Hand Cart
38:10 Hand Cart
37:56 Light Cavalry
38:59 Chain Barding Armor
40:07 Iron Casting
40:25 Elite Ballista Elephant
41:26 Conscription
40:54 Hussar
42:32 Double Crossbow
47:30 Chemistry
tiirk
9:17 Loom
12:01 Feudal Age
17:56 Castle Age
15:54 Double-Bit Axe
18:07 Fletching
19:14 Bodkin Arrow
19:19 Horse Collar
23:44 Stone Mining
30:26 Imperial Age
29:10 Wheelbarrow
28:44 Gold Mining
31:06 Forging
31:44 Conscription
32:19 Elite Skirmisher
34:14 Bracer
34:37 Ballistics
35:20 Murder Holes
38:45 Thumb Ring
39:31 Hand Cart
39:23 Elite War Wagon
41:00 Gold Shaft Mining
41:46 Chemistry
XxX
9:48 Feudal Age
18:10 Castle Age
18:00 Double-Bit Axe
18:03 Horse Collar
19:05 Bow Saw
21:17 Stone Mining
21:20 Gold Mining
22:50 Heavy Plow
23:06 Loom
23:57 Wheelbarrow
24:02 Stone Shaft Mining
24:50 Scale Barding Armor
24:47 Padded Archer Armor
24:38 Fletching
24:58 Forging
27:20 Stone Shaft Mining
27:03 Leather Archer Armor
26:50 Scale Mail Armor
30:44 Husbandry
30:55 Bloodlines
31:48 Light Cavalry
32:36 Thumb Ring
31:57 Elite Skirmisher
35:19 Chain Barding Armor
34:55 Bodkin Arrow
35:36 Iron Casting
36:16 Ballistics
36:38 Inquisition
39:56 Imperial Age
37:43 Hand Cart
37:22 Town Watch
40:43 Coinage
40:14 Caravan
41:38 Two-Man Saw
40:55 Town Patrol
41:58 Supremacy
41:59 Conscription
41:28 Sappers
42:19 Elite Conquistador
44:44 Chemistry
44:24 Plate Barding Armor
44:21 Ring Archer Armor
44:00 Heavy Mounted Crossbowman
47:10 Banking
47:00 Guilds
47:53 Cavalier
49:26 Paladin
51:02 Bracer
52:02 Blast Furnace
51:15 Hussar
bLuStEr
11:01 Feudal Age
12:22 Wheelbarrow
11:35 Double-Bit Axe
11:32 Horse Collar
12:57 Loom
18:51 Castle Age
17:36 Gold Mining
22:37 Stone Mining
23:25 Gold Shaft Mining
23:19 Caravan
28:19 Hand Cart
32:08 Imperial Age
30:31 Scale Barding Armor
31:21 Forging
31:44 Chain Barding Armor
32:15 Iron Casting
32:58 Stirrups
32:52 Town Watch
35:02 Plate Barding Armor
35:38 Bloodlines
35:29 Husbandry
37:31 Blast Furnace
37:34 Stone Shaft Mining
37:10 Heavy Plow
36:58 Elite Konnik
38:28 Ballistics
39:08 Chemistry
38:54 Murder Holes
40:34 Conscription
40:09 Fletching
41:42 Bagains
41:57 Town Patrol
46:48 Cavalier
RockNRolla
3:14 Loom
10:02 Feudal Age
10:46 Double-Bit Axe
11:15 Horse Collar
16:51 Wheelbarrow
16:40 Gold Mining
21:30 Castle Age
20:54 Stone Mining
22:24 Bow Saw
22:17 Heavy Plow
23:09 Hand Cart
22:41 Town Watch
23:35 Gold Shaft Mining
23:51 Stone Shaft Mining
25:09 Town Patrol
26:58 Padded Archer Armor
26:49 Fletching
27:31 Man-at-Arms
28:37 Gambesons
28:52 Squires
28:14 Long Swordsman
30:58 Forging
30:48 Scale Mail Armor
32:15 Pikeman
34:26 Kamandaran
35:27 Chain Mail Armor
35:47 Iron Casting
38:57 Imperial Age
36:09 Crossbowman
37:26 Leather Archer Armor
37:07 Bodkin Arrow
37:46 Thumb Ring
39:01 Ballistics
38:50 Bodkin Arrow
39:00 Scale Barding Armor
40:24 Ring Archer Armor
40:57 Chemistry
41:10 Two-Man Saw
41:11 Chain Barding Armor
41:52 Blast Furnace
41:07 Heated Shot
41:14 Murder Holes
45:52 Elite War Elephant
52:46 Husbandry
52:56 Bloodlines
52:08 Cavalier
52:46 Heavy Camel Rider
53:39 Savar
Connection lost

Rejoining the realm…

Still unreachable

The connection could not be restored.

Session expired

The server has moved on; the page needs a fresh start.